 Dungeon Crawl Stone Soup version 0.30.1-4-g462c640d31 (webtiles) character file.

Game seed: 4018203667656422961

542 FishyPogo the Insei (level 7, -3/52 HPs)
             Began as a Gnoll Transmuter on Sept 14, 2023.
             Was an Elder of Jiyva.
             Killed by divine providence
             ... invoked by an orc priest
              (16 damage)
             ... on level 6 of the Dungeon.
             The game lasted 00:09:22 (3707 turns).

FishyPogo the Insei (Gnoll Transmuter)              Turns: 3707, Time: 00:09:22

Health: -3/52      AC:  2    Str: 20    XL:     7   Next: 27%
Magic:  15/15      EV: 13    Int: 10    God:    Jiyva [****..]
Gold:   214        SH:  0    Dex: 10    Spells: 11/17 levels left

rFire   . .          .
                       - Unarmed
rCold   . . .        (no shield)
rNeg    . . .        a - +0 robe
rPois   .            (helmet currently unavailable)
rElec   .            (no cloak)
rCorr   +            (no gloves)
SInv    .            (boots currently unavailable)
Will    .....        (no amulet)
Stlth   +            (no ring)
HPRegen 1.56/turn    (no ring)
MPRegen 0.54/turn

%: no passive effects
@: confused, appendages (expiring), ambrosia-drunk, wereblooded, hasted, very
quick
A: talons 2, fangs 1, strong nose, distributed training, antennae 2, strong 2
a: End Transformation, Renounce Religion, Oozemancy, Slimify


You were on level 6 of the Dungeon.
You worshipped Jiyva.
Jiyva was greatly pleased with you.
You had temporarily grown beastly talons.
You visited 1 branch of the dungeon, and saw 6 of its levels.

You collected 214 gold pieces.

Inventory:

Hand Weapons
 h - a +2 spectral quarterstaff
 o - a +3 whip
Missiles
 c - 30 stones
 q - 16 poisoned darts
Armour
 a - a +0 robe (worn)
Wands
 j - a wand of polymorph (8)
Scrolls
 e - 2 scrolls of fear
 g - a scroll of teleportation
 s - a scroll of vulnerability
Potions
 b - 2 potions of lignification
 f - a potion of might
 i - a potion of ambrosia
 k - a potion of berserk rage {unknown}
 l - a potion of curing {unknown}
 m - a potion of resistance
 n - a potion of mutation {unknown}
 p - 2 potions of attraction


   Skills:
 + Level 3.6 Fighting
 + Level 2.5 Short Blades
 + Level 2.5 Long Blades
 + Level 2.5 Axes
 + Level 2.5 Maces & Flails
 + Level 2.5 Polearms
 + Level 2.5 Staves
 + Level 2.5 Ranged Weapons
 + Level 2.5 Throwing
 + Level 2.5 Armour
 + Level 5.2 Dodging
 + Level 2.5 Stealth
 + Level 2.5 Shields
 + Level 7.0 Unarmed Combat
 + Level 5.6 Spellcasting
 + Level 2.0 Conjurations
 + Level 2.0 Hexes
 + Level 2.0 Summonings
 + Level 2.0 Necromancy
 + Level 2.0 Translocations
 + Level 4.3 Transmutations
 + Level 2.0 Fire Magic
 + Level 2.0 Ice Magic
 + Level 2.0 Air Magic
 + Level 2.0 Earth Magic
 + Level 2.0 Poison Magic
 + Level 2.7 Invocations
 + Level 2.5 Evocations


You had 11 spell levels left.
You knew the following spells:

 Your Spells              Type           Power      Damage    Failure   Level
a - Beastly Appendage     Tmut           22%        N/A       3%          1
b - Wereblood             Tmut           11%        N/A       5%          2
c - Spider Form           Tmut/Pois      9%         N/A       17%         3

Your spell library contained the following spells:

 Spells                   Type           Power      Damage    Failure   Level
 Passwall                 Tmut/Erth      7%         N/A       9%          2
 Sandblast                Erth           12%        2d6       10%         1
 Stone Arrow              Conj/Erth      12%        3d7       28%         3
 Ice Form                 Ice/Tmut       9%         N/A       50%         4
 Summon Lightning Spire   Summ/Air       6%         N/A       67%         4
 Storm Form               Tmut/Air       4%         N/A       100%        7
 Maxwell's Capacitive Co  Air            3%         ∞         100%        8


Dungeon Overview and Level Annotations

Branches:
Dungeon (6/15)             Temple (0/1) D:4

Altars:
Gozag
Zin
Jiyva


Innate Abilities, Weirdness & Mutations

You have temporarily grown beastly talons.
You have very sharp teeth.
Your uncanny sense of smell can sniff out nearby items.
Your experience applies equally to all skills.
You have a pair of antennae on your head.
Your muscles are very strong. (Str +8, Int/Dex -2)


Message History

The orc priest mumbles some strange prayers to Beogh against you.
You struggle to resist.
You punch something! You claw something. Your bite misses something.
The orc priest barely misses you.
You hear some strange, mumbled words.
A puff of flame appears from out of thin air!
The puff of flame misses you. The orc priest closely misses you.
You miss something. Your kick misses something. Something hits you.
The orc priest hits you with a +0 dagger.
You barely miss something. The orc priest barely misses you.
Something hits you.
An orc wizard comes into view. It is wielding a +0 dagger.
The orc priest hits you with a +0 dagger.
You closely miss something.
You are confused.
You feel invigorated. Something hits you. The orc priest completely misses you.
The orc priest hits you with a +0 dagger.
You hit the orc priest but do no damage.
Your kick misses the orc priest. Something hits you.
The orc priest hits you with a +0 dagger.
The orc priest hits you with a +2 heavy hand axe!
* * * LOW HITPOINT WARNING * * *
You miss the orc priest. Your kick misses the orc priest.
Your transformation is almost over.
Something hits you.
The orc priest hits you with a +0 dagger.
* * * LOW HITPOINT WARNING * * *
The orc priest attacks as you move away!
The orc priest hits you with a +2 heavy hand axe!
* * * LOW HITPOINT WARNING * * *
The orc priest attacks as you move away!
The orc priest hits you with a +0 dagger.
* * * LOW HITPOINT WARNING * * *
Something barely misses you.
You feel yourself speed up.
The orc priest hits you with a +0 dagger.
* * * LOW HITPOINT WARNING * * *
The orc priest calls down the wrath of Beogh upon you.
Beogh smites you!
You die...

≈≈# #.#...## #.# ..
#......##..##
#.###...<.......#
#...........<...#
.##................
∆ #.......##...#.##
###..#....###...##
...............!..#
########@{.........#
#o.###....... #oo#
....... #o.# ..$#
.... ###.## .. ##


You could see 2 orc priests, an orc wizard and an orc.

Vanquished Creatures
  A phantom (D:5)
  2 howler monkeys (D:5)
  A hound (D:5)
  2 orc priests (D:5)
  2 orc wizards (D:5)
  2 sleepcaps
  An iguana (D:5)
  4 gnolls (D:5)
  4 adders
  A shadow imp (D:5)
  2 ufetubi (D:5)
  5 worms
  3 dart slugs (D:1)
  9 orcs
  5 ball pythons
  An endoplasm (D:2)
  6 giant cockroaches
  6 goblins
  6 hobgoblins
  4 jackals
  A kobold (D:2)
  3 quokkas
  6 bats
  3 frilled lizards
  3 rats (D:1)
83 creatures vanquished.

Vanquished Creatures (others)
  2 jellies
  An orc priest (D:5)
  An iguana (D:5)
  An orc wizard (D:5)
  An ufetubus (D:5)
  5 orcs
  A jackal (D:3)
  6 ball pythons
  A kobold (D:3)
19 creatures vanquished.

Grand Total: 102 creatures vanquished

Notes
Turn   | Place    | Note
-------+----------+-------------------------------------------
     0 | D:1      | FishyPogo the Gnoll Transmuter began the quest for the Orb.
     0 | D:1      | Reached XP level 1. HP: 17/17 MP: 6/6
    59 | D:1      | Reached XP level 2. HP: 9/23 MP: 7/7
   129 | D:1      | Learned a level 2 spell: Wereblood
   489 | D:1      | Reached skill level 5 in Spellcasting
   489 | D:1      | Reached XP level 3. HP: 28/28 MP: 7/9
   493 | D:1      | Learned a level 3 spell: Spider Form
   836 | D:2      | Reached skill level 1 in Invocations
   897 | D:2      | Reached skill level 1 in Short Blades
   897 | D:2      | Reached skill level 1 in Long Blades
   897 | D:2      | Reached skill level 1 in Axes
   897 | D:2      | Reached skill level 1 in Maces & Flails
   897 | D:2      | Reached skill level 1 in Polearms
   897 | D:2      | Reached skill level 1 in Staves
   897 | D:2      | Reached skill level 1 in Ranged Weapons
   897 | D:2      | Reached skill level 1 in Throwing
   897 | D:2      | Reached skill level 1 in Armour
   897 | D:2      | Reached skill level 1 in Stealth
   897 | D:2      | Reached skill level 1 in Shields
   897 | D:2      | Reached skill level 1 in Evocations
  1138 | D:2      | Reached XP level 4. HP: 24/34 MP: 9/11
  1476 | D:3      | Found a faded altar of an unknown god.
  1509 | D:3      | Prayed at the altar of an unknown god.
  1509 | D:3      | Became a worshipper of Jiyva Jamic the Shapeless
  1509 | D:3      | Reached * piety under Jiyva
  1584 | D:3      | Reached skill level 1 in Conjurations
  1584 | D:3      | Reached skill level 1 in Hexes
  1584 | D:3      | Reached skill level 1 in Summonings
  1584 | D:3      | Reached skill level 1 in Necromancy
  1584 | D:3      | Reached skill level 1 in Translocations
  1584 | D:3      | Reached skill level 1 in Fire Magic
  1584 | D:3      | Reached skill level 1 in Ice Magic
  1584 | D:3      | Reached skill level 1 in Air Magic
  1584 | D:3      | Reached skill level 1 in Earth Magic
  1584 | D:3      | Reached skill level 1 in Poison Magic
  1901 | D:3      | Reached ** piety under Jiyva
  1904 | D:3      | Found a glowing silver altar of Zin.
  1908 | D:3      | Found an opulent altar of Gozag.
  2583 | D:4      | Reached XP level 5. HP: 40/40 MP: 12/12
  2625 | D:4      | Reached *** piety under Jiyva
  2773 | D:4      | Found a staircase to the Ecumenical Temple.
  2774 | D:4      | You fall into a shaft and drop 1 floor!
  2774 | D:5      | Entered Level 5 of the Dungeon
  2844 | D:5      | Gained mutation: Your muscles are strong. (Str +4, Int/Dex
                  | -1) [Jiyva's grace]
  2844 | D:5      | Gained mutation: Your muscles are very strong. (Str +8,
                  | Int/Dex -2) [Jiyva's grace]
  2844 | D:5      | Gained mutation: You have a pair of small antennae on your
                  | head. [Jiyva's grace]
  2844 | D:5      | Gained mutation: You have a pair of antennae on your head.
                  | [Jiyva's grace]
  2937 | D:5      | Reached XP level 6. HP: 35/47 MP: 14/14
  2944 | D:5      | Reached skill level 5 in Dodging
  3348 | D:5      | Reached skill level 7 in Unarmed Combat
  3348 | D:5      | Reached XP level 7. HP: 43/52 MP: 15/15
  3430 | D:5      | Reached **** piety under Jiyva
  3707 | D:6      | Killed from afar by an orc priest

Illustrated notes

Levels and vault maps discovered:
D:1:      dpeg_arrival_simpleton_a, layout_basic
D:2:      layout_rooms, minmay_pentomino_u4
D:3:      layout_loops_corners, grunt_temple_overflow_gold_and_silver,
          shapermc_ecumenical_altar_flowoftime, feat_on_display
D:4:      kennysheep_six_static_rooms, layout_rooms,
          minmay_temple_entry_nine_rooms, hex_large, minmay_misc_feat_iff,
          minivault_4, kennysheep_generic_room_3
D:5:      layout_loops_ring
D:6:      minmay_bubble_buster, layout_loops_ring,
          nicolae_overflow_two_pavilions, serial_shops,
          nicolae_shop_just_a_little_nook, uniq_crazy_yiuf_cottage

Skill      XL: |  1  2  3  4  5  6  7 |
---------------+----------------------+-----
Spellcasting   | 5 |  5.6
Invocations    | 1 2 |  2.7
Short Blades   | 1 2 |  2.5
Long Blades    | 1 2 |  2.5
Axes           | 1 2 |  2.5
Maces & Flails | 1 2 |  2.5
Polearms       | 1 2 |  2.5
Staves         | 1 2 |  2.5
Ranged Weapons | 1 2 |  2.5
Throwing       | 1 2 |  2.5
Armour         | 1 2 |  2.5
Stealth        | 1 2 |  2.5
Shields        | 1 2 |  2.5
Evocations     | 1 2 |  2.5
Conjurations   | 1 2 |  2.0
Hexes          | 1 2 |  2.0
Summonings     | 1 2 |  2.0
Necromancy     | 1 2 |  2.0
Translocations | 1 2 |  2.0
Fire Magic     | 1 2 |  2.0
Ice Magic      | 1 2 |  2.0
Air Magic      | 1 2 |  2.0
Earth Magic    | 1 2 |  2.0
Poison Magic   | 1 2 |  2.0
Fighting       | 3 |  3.6
Transmutations | 4 |  4.3
Dodging        | 5 |  5.2
Unarmed Combat | 7 |  7.0

Action                     |  1- 3 |  4- 6 |  7- 9 || total
---------------------------+-------+-------+-------++-------
  Melee: Unarmed           |   102 |   133 |    31 ||   266
         Kick              |    23 |    36 |    10 ||    69
         Bite              |     5 |    14 |       ||    19
         Headbutt          |     4 |    13 |       ||    17
         Punch             |       |     2 |     1 ||     3
   Cast: Beastly Appendage |    22 |    28 |     3 ||    53
         Wereblood         |     2 |     3 |     1 ||     6
    Use: Scroll            |       |     4 |     3 ||     7
         Potion            |       |       |     2 ||     2
   Stab: Sleeping          |     2 |     3 |       ||     5
 Armour: Robe              |    16 |     9 |     2 ||    27
  Dodge: Dodged            |    71 |    59 |    17 ||   147
